 Dungeon Crawl Stone Soup version 0.19-a0-628-g9200b3b (webtiles) character file.

58 Daviar the Chopper (level 4, -1/23 HPs)
             Began as a Vine Stalker Gladiator on June 13, 2016.
             Slain by an iguana (11 damage)
             ... on level 4 of the Dungeon.
             The game lasted 00:02:39 (692 turns).

Daviar the Chopper (Vine Stalker Gladiator)          Turns: 692, Time: 00:02:39

Health: -1/23      AC:  4    Str: 19    XL:     4   Next: 1%
Magic:  0/5        EV: 13    Int:  8    God:
Gold:   124        SH:  0    Dex: 14    Spells: 0 memorised, 3 levels left

rFire  . . .     SeeInvis .     a - +0 war axe
rCold  . . .     Gourm    .     b - +0 leather armour
rNeg   . . .     Faith    .     (no shield)
rPois  .         Spirit   +     c - +0 helmet
rElec  .         Dismiss  .     (no cloak)
rCorr  .         Reflect  .     (no gloves)
SustAt .         Harm     .     (no boots)
MR     .....                    (no amulet)
Stlth  +.........               (no ring)
                                (no ring)

@: lethally poisoned (-1 -> -1), not resistant to hostile enchantments, very
unstealthy
A: fangs 2, regeneration 1, magic shield, antimagic bite, no device heal 3, rot
immunity
a: no special abilities


You were on level 4 of the Dungeon.
You were not hungry.

You visited 1 branch of the dungeon, and saw 3 of its levels.

You collected 124 gold pieces.

Inventory:

Hand Weapons
 a - a +0 war axe (weapon)
Missiles
 d - 3 throwing nets (quivered)
Armour
 b - a +0 leather armour (worn)
 c - a +0 helmet (worn)
Wands
 l - a wand of random effects (29/48)
Scrolls
 g - 2 scrolls of identify {unknown}
 m - a scroll of teleportation {unknown}
 n - a scroll of enchant weapon {unknown}
Potions
 e - a potion of might {unknown}
 i - a potion of flight {unknown}
 j - a potion of magic {unknown}
 k - a potion of agility {unknown}
Comestibles
 f - 2 bread rations
 h - a meat ration


   Skills:
 + Level 2.6 Fighting
 + Level 3.2 Axes
 - Level 1.7 Throwing
 + Level 3.0 Dodging


You had 3 spell levels left.
You didn't know any spells.

Dungeon Overview and Level Annotations

Branches:
Dungeon (2/15)

Altars:


Innate Abilities, Weirdness & Mutations

You have extremely sharp teeth.
Your natural rate of healing is unusually fast.
When hurt, damage is shared between your health and your magic reserves.
Your bite disrupts and absorbs the magic of your enemies.
Potions and wands cannot restore your health.
You are immune to rotting.


Message History

An iguana comes into view.
Found 2 fruits and 15 gold pieces.
The helpless iguana fails to defend itself.
You hit the iguana but do no damage. The iguana barely misses you.
You hit the iguana. Your bite misses the iguana.
The iguana is lightly wounded.
The iguana barely misses you.
You slash the iguana! Your bite misses the iguana.
The iguana is severely wounded.
You feel sick. The iguana bites you. The iguana closely misses you.
You hit the iguana. Your bite misses the iguana.
The iguana is almost dead.
The iguana completely misses you.
You barely miss the iguana.
The iguana is almost dead.
You feel sick. The iguana barely misses you.
You completely miss the iguana. You bite the iguana, but do no damage.
The iguana is almost dead.
The iguana bites you!
You die...

..# .# ..#
.# ###$##.#
#......#
####......#
.........#
#..%l.#
#..@..#
###.### #.#
#.# #.# #.#
#.# #.#


You could see an iguana.

Vanquished Creatures
  3 adders (D:2)
  An ooze (D:2)
  2 dart slugs (D:1)
  A giant cockroach (D:1)
  3 goblins (D:1)
  3 hobgoblins
  A kobold (D:1)
  4 bats (D:1)
  4 giant newts
  5 rats
27 creatures vanquished.

Notes
Turn   | Place    | Note
--------------------------------------------------------------
     0 | D:1      | Daviar the Vine Stalker Gladiator began the quest for the Orb.
     0 | D:1      | Reached XP level 1. HP: 11/11 MP: 2/2
    82 | D:1      | Reached XP level 2. HP: 15/15 MP: 3/3
   405 | D:2      | Reached XP level 3. HP: 19/19 MP: 4/4
   680 | D:2      | Reached XP level 4. HP: 14/23 MP: 2/5
   686 | D:2      | You fall through a shaft for 2 floors!
   692 | D:4      | Slain by an iguana

Vault maps used:
D:1:      minmay_arrival_shattered_statue
D:4:      uniq_menkaure, uniq_eustachio, uniq_grinder

Skill      XL: |  1  2  3 |
---------------+----------+-----
Fighting       | 2 |  2.6
Axes           | 3 |  3.2
Dodging        | 3 |  3.0
Throwing       | |  1.7

Action                   |  1- 3 |  4- 6 || total
-------------------------+-------+-------++-------
Melee: War axe           |    75 |     6 ||    81
       Bite              |    13 |     1 ||    14
 Stab: Sleeping          |     1 |     1 ||     2
Armor: Leather armour    |    15 |       ||    15
Dodge: Dodged            |    66 |     5 ||    71
